Map: Blackpink LE

Players

Ryung - Winner!

  • Race: Terran Terran
  • Spawn Location: 7:00

DnS

  • Race: Protoss Protoss
  • Spawn Location: 1:00

Event: IEM Season 12 - Katowice

VOD

Have the link to the VOD?

Description

Time

  • Played on: Feb. 26, 2018, 9:24 a.m.
  • Length: 15:07

All games in this series

Show
View Real Time Build Order
Export as new Build Order

Ryung Terran - Winner!

Build Orders: Gas First Reaper Expand, Reaper Expand, MMM Bio 

Get SALT Encoding   

  12  0:00  SCV  
  13  0:12  SCV  
  14  0:17  Supply Depot  
  14  0:25  SCV  
  14  0:28  Refinery  
  15  0:39  SCV  
  16  0:44  Barracks  
  16  0:51  SCV  
  17  1:03  SCV  
  18  1:15  SCV  
  19  1:31  Orbital Command  
  19  1:32  Reaper  
  20  1:44  Command Center  
  20  1:55  Factory  
  20  1:59  SCV  
  21  2:06  Barracks Reactor, Refinery  
  21  2:11  SCV  
  22  2:17  Supply Depot  
  22  2:23  SCV  
  23  2:38  SCV  
  23  2:41  Widow Mine, Starport  
  23  2:43  Marine  
  27  2:46  Marine  
  27  2:50  SCV  
  29  3:01  Marine  
  29  3:03  Orbital Command  
  29  3:04  Marine  
  31  3:09  Widow Mine  
  33  3:13  SCV  
  33  3:19  Medivac  
  34  3:23  Marine  
  34  3:24  Marine  
  36  3:29  SCV  
  36  3:30  SCV  
  36  3:32  Factory Tech Lab  
  38  3:38  Supply Depot  
  38  3:41  SCV  
  38  3:42  SCV  
  38  3:47  Engineering Bay  
  40  3:49  Marine  
  40  3:52  Marine  
  42  3:58  Siege Tank  
  46  4:02  SCV  
  46  4:03  SCV  
  46  4:09  Marine  
  48  4:10  Marine  
  48  4:13  Missile Turret  
  50  4:17  SCV x2  
  50  4:21  Supply Depot  
  51  4:25  Liberator  
  51  4:29  Supply Depot, SCV  
  52  4:41  Marine x2  
  52  4:43  Siege Tank  
  52  4:45  SCV x2  
  62  4:51  Supply Depot  
  62  4:57  Supply Depot, SCV x2  
  62  4:59  Marine x2  
  66  5:05  Terran Infantry Weapons Level 1  
  66  5:09  SCV x2  
  69  5:21  SCV x2  
  69  5:24  Factory Reactor  
  69  5:25  Barracks  
  69  5:26  Stimpack, Marine  
  69  5:27  Barracks  
  71  5:31  Refinery x2  
  71  5:32  Starport Reactor  
  71  5:33  SCV x2  
  73  5:45  SCV x2  
  73  5:48  Marine, Barracks  
  76  5:51  Barracks  
  76  5:52  Supply Depot  
  76  5:57  SCV  
  77  6:08  Bunker, Medivac x2  
  77  6:10  SCV x2  
  83  6:13  Supply Depot  
  83  6:15  Supply Depot, Factory Reactor  
  83  6:22  SCV x2  
  83  6:23  Barracks Tech Lab  
  83  6:34  SCV x2  
  85  6:41  Medivac x2  
  85  6:45  Marine x2, Marauder x2  
  85  6:46  SCV x2, Barracks Tech Lab  
  97  6:58  SCV  
  97  6:59  SCV  
  97  7:00  Command Center  
  99  7:02  Terran Infantry Armor Level 1  
  99  7:03  Marine x2  
  99  7:06  Marine x2  
  99  7:07  Marauder  
  107  7:08  Marauder  
  107  7:10  Marauder  
  107  7:14  Widow Mine  
  109  7:16  Combat Shields  
  109  7:22  Widow Mine, Supply Depot  
  111  7:23  Marine x2  
  111  7:25  Supply Depot  
  111  7:29  Marine x2  
  115  7:38  Widow Mine  
  115  7:39  Ghost Academy  
  115  7:43  Marine  
  118  7:44  Widow Mine, Marauder x3  
  118  7:45  Concussive Shells  
  118  7:49  SCV x2  
  127  7:53  Marine x3  
  130  7:59  Widow Mine  
  130  8:03  Marine  
  130  8:04  SCV  
  134  8:11  Ghost, Supply Depot  
  134  8:12  Ghost, Widow Mine, SCV  
  138  8:17  Ghost  
  142  8:20  Marine x2  
  142  8:21  Marine  
  144  8:34  Armory  
  144  8:36  Engineering Bay  
  144  8:38  SCV x2  
  145  8:44  Marine x4  
  145  8:46  Orbital Command  
  149  8:52  Missile Turret  
  149  8:58  Marauder  
  149  9:01  Marine x2  
  153  9:04  SCV x2  
  155  9:18  Supply Depot  
  155  9:20  Supply Depot  
  155  9:22  Missile Turret, Terran Infantry Armor Level 2, Terran Infantry Weapons Level 2  
  155  9:25  Marauder  
  155  9:27  Supply Depot  
  161  9:31  Marauder x2  
  160  9:40  Barracks x2  
  160  9:41  Barracks  
  160  9:43  Marine x4  
  163  9:50  Terran Ship Weapons Level 1  
  163  9:52  Sensor Tower, Medivac x2  
  167  9:54  Marauder  
  171  10:00  Marauder x2  
  171  10:16  Marine x2  
  171  10:17  Marine x2, Marauder  
  179  10:21  Marauder  
  179  10:22  Ghost  
  179  10:26  Refinery x2  
  181  10:34  Barracks Tech Lab x2  
  181  10:35  Barracks Reactor  
  179  10:37  Ghost  
  180  10:53  Ghost, Command Center  
  180  10:54  Marine x4  
  180  10:55  Marauder  
  188  10:58  Supply Depot  
  188  11:14  Marauder  
  188  11:16  Marauder  
  189  11:20  Marine x4, Marauder x2  
  197  11:32  Marine, Marauder  
  197  11:33  Starport  
  197  11:35  Fusion Core  
  196  11:46  Terran Infantry Armor Level 3, Terran Infantry Weapons Level 3  
  196  11:52  Liberator  
  182  11:59  Marine x4, Marauder x4  
  190  12:10  Starport Tech Lab  
  169  12:23  Marine x4, Marauder x3  
  169  12:24  Orbital Command  
  169  12:27  Marine x2, Marauder x2  
  170  12:41  Marine x4  
  170  12:43  Liberator x2  
  165  12:44  Marauder  
  165  12:45  Marauder  
  165  12:49  Liberator  
  162  12:53  Marine x2, Marauder x2  
  162  12:54  Marauder  
  170  13:06  Marauder  
  170  13:07  Advanced Ballistics  
  163  13:20  Marine x2, Marauder  
  163  13:21  Marine x2, Marauder x2  
  173  13:30  Liberator x2  
  173  13:33  Marauder x2  
  171  13:36  Marine x2  
  171  13:39  Marine x4  
  170  13:42  Marauder x2  
  170  13:43  Liberator  
  161  13:57  Marine x4  
  161  13:58  Marauder x2  
  161  14:02  SCV  
  162  14:12  Refinery x2  
  161  14:23  Marine x2, Marauder  
  161  14:24  Marauder  
  152  14:33  Marauder x2  
  152  14:35  Marine x4  
  152  14:36  Marauder  
  154  14:41  SCV x2  
  154  14:43  Marine x2  
  154  14:45  Marauder x2  
Show
View Real Time Build Order
Export as new Build Order

DnS Protoss 

Build Orders: 1 Gate Expand, Blink Stalkers, Dark Templar Rush 

Get SALT Encoding   

  12  0:01  Probe  
  13  0:13  Probe  
  14  0:19  Pylon  
  14  0:25  Probe  
  15  0:37  Probe (Chrono Boost)  
  15  0:39  Gateway  
  16  0:47  Probe (Chrono Boost), Assimilator  
  17  0:52  Probe (Chrono Boost)  
  18  1:04  Probe  
  19  1:16  Probe  
  20  1:24  Nexus  
  20  1:33  Cybernetics Core  
  20  1:36  Probe  
  21  1:42  Assimilator  
  21  1:48  Probe  
  21  1:51  Pylon  
  22  2:00  Probe  
  23  2:07  Adept (Chrono Boost)  
  23  2:12  Probe  
  26  2:18  Twilight Council  
  26  2:21  Warp Gate  
  26  2:24  Probe  
  26  2:28  Adept (Chrono Boost)  
  29  2:37  Probe  
  29  2:40  Probe  
  31  2:49  Probe  
  32  2:52  Adept (Chrono Boost), Probe  
  35  3:02  Probe  
  35  3:03  Dark Shrine  
  35  3:04  Probe  
  37  3:14  Probe (Chrono Boost)  
  37  3:16  Probe (Chrono Boost)  
  39  3:26  Probe (Chrono Boost)  
  41  3:28  Probe (Chrono Boost), Gateway  
  41  3:29  Gateway  
  41  3:32  Probe (Chrono Boost), Blink (Chrono Boost)  
  41  3:33  Probe (Chrono Boost)  
  42  3:37  Pylon  
  42  3:40  Probe  
  44  3:43  Probe  
  44  3:45  Assimilator  
  45  3:52  Probe  
  45  3:55  Probe, Pylon  
  47  4:04  Probe  
  47  4:06  Pylon  
  48  4:11  Probe  
  49  4:23  Stalker x3  
  55  4:25  Probe x2  
  55  4:26  Pylon  
  57  4:39  Nexus  
  57  4:40  Pylon  
  57  4:46  Stalker x2  
  57  4:47  Stalker  
  57  4:51  Probe x2  
  65  4:54  Assimilator  
  65  5:01  Robotics Facility  
  65  5:04  Probe  
  65  5:05  Probe  
  67  5:12  Sentry x3  
  73  5:16  Probe, Forge  
  73  5:19  Forge  
  73  5:21  Probe  
  76  5:28  Probe  
  76  5:33  Probe  
  76  5:34  Charge (Chrono Boost)  
  77  5:44  Gateway  
  77  5:45  Gateway x2  
  77  5:48  Protoss Ground Armor Level 1 (Chrono Boost)  
  77  5:49  Protoss Ground Weapons Level 1 (Chrono Boost)  
  78  5:51  Observer  
  78  5:58  Gateway  
  78  6:01  Gateway  
  80  6:07  Dark Templar  
  80  6:10  Zealot x2  
  84  6:19  Immortal  
  87  6:30  Zealot x2  
  87  6:46  Pylon  
  87  6:47  Pylon  
  87  6:49  Pylon  
  87  7:11  Probe  
  87  7:14  Sentry, Immortal, Nexus  
  92  7:28  Zealot x3  
  92  7:29  Protoss Ground Weapons Level 2 (Chrono Boost), Pylon  
  98  7:34  Protoss Ground Armor Level 2 (Chrono Boost)  
  97  7:39  Zealot x2  
  97  7:40  Templar Archives  
  101  7:55  Stalker x4  
  109  8:02  Stalker  
  109  8:03  Stalker  
  113  8:09  Stalker x2  
  117  8:25  Pylon  
  117  8:33  Zealot x2, Dark Templar  
  117  8:34  Zealot x4  
  129  8:43  Warp Prism  
  129  8:54  Zealot  
  129  8:55  Zealot x4  
  139  9:00  Dark Templar  
  141  9:04  Pylon  
  141  9:14  Stalker  
  140  9:33  Zealot x4  
  140  9:37  Pylon  
  148  9:38  Pylon  
  148  9:39  Pylon  
  148  9:44  Probe  
  149  9:46  Protoss Ground Armor Level 3 (Chrono Boost)  
  149  9:54  Pylon  
  149  9:55  Probe, Pylon  
  149  9:56  Probe x2  
  149  9:57  Robotics Bay  
  149  9:58  Assimilator  
  149  9:59  Assimilator  
  152  10:00  Pylon  
  142  10:21  Immortal (Chrono Boost)  
  134  10:23  Robotics Facility  
  130  10:42  Dark Templar  
  124  10:55  Disruptor (Chrono Boost)  
  125  10:58  Protoss Shields Level 1 (Chrono Boost)  
  125  11:01  Stalker x3, Dark Templar  
  125  11:02  Stalker x3  
  139  11:08  Disruptor (Chrono Boost)  
  138  11:22  Disruptor (Chrono Boost)  
  138  11:25  Nexus  
  141  11:26  Stalker x2  
  141  11:27  Stalker  
  147  11:38  Disruptor (Chrono Boost)  
  149  11:48  Disruptor (Chrono Boost)  
  139  11:57  Dark Templar  
  141  12:07  Disruptor (Chrono Boost)  
  135  12:10  Stalker  
  129  12:15  Disruptor (Chrono Boost), Nexus  
  129  12:18  Pylon  
  120  12:29  Zealot x4  
  126  12:30  Stalker x3  
  126  12:36  Disruptor (Chrono Boost)  
  124  12:45  Zealot  
  111  12:58  Disruptor (Chrono Boost)  
  111  13:01  Disruptor (Chrono Boost)  
  103  13:18  Probe  
  103  13:19  Probe  
  101  13:27  Disruptor (Chrono Boost)  
  101  13:30  Probe  
  101  13:31  Disruptor (Chrono Boost)  
  87  13:42  Sentry  
  87  13:43  Zealot  
  87  13:44  Zealot x2  
  91  13:55  Probe x2, Stalker  
  89  13:56  Probe  
  89  14:00  Disruptor (Chrono Boost)  
  93  14:02  Disruptor (Chrono Boost)  
  92  14:12  Zealot  
  92  14:13  Zealot  
  92  14:14  Probe  
  71  14:27  Sentry  
  71  14:28  Zealot x3  
  62  14:48  Stalker x2, Dark Templar  

Tags
 
Add a new tag
Caveats
  • Supply blocks, unpowered buildings, or Contaminate may cause inaccurate times.
  • Supply counts are checked every 10 seconds.